 Dungeon Crawl Stone Soup version 0.24.0-13-gcf9b319 (webtiles) character file.

Game seed: 18203376296474037713, levelgen mode: deterministic

6215 ben10mad the Magician (level 10, -11/84 HPs)
             Began as a Purple Draconian Transmuter on Apr 26, 2020.
             Was a Follower of Fedhas.
             Mangled by a white ugly thing (15 damage)
             ... on level 10 of the Dungeon on Apr 27, 2020.
             The game lasted 01:09:55 (14242 turns).

ben10mad the Magician (DrTm)                       Turns: 14242, Time: 01:09:55

Health: -11/84     AC: 10    Str: 14    XL:     10   Next: 61%
Magic:  13/20      EV: 15    Int: 14    God:    Fedhas [*.....]
Gold:   635        SH:  0    Dex: 13    Spells: 4/23 levels left

rFire    . . .     SeeInvis +     - Unarmed
rCold    . . .     Gourm    .   (no shield)
rNeg     . . .     Faith    .   (armour unavailable)
rPois    .         Spirit   .   (helmet restricted)
rElec    .         Reflect  .   o - +0 cloak
rCorr    .         Harm     .   C - +0 pair of gloves
MR       ++...                  b - +0 pair of boots
Stlth    +.........             (no amulet)
HPRegen  0.24/turn              g - ring of protection from magic
MPRegen  0.17/turn              H - ring of see invisible

@: no status effects
A: breathe power, unfitting armour, cold-blooded, AC +7
a: Breathe Dispelling Energy, Renounce Religion


You were on level 10 of the Dungeon.
You worshipped Fedhas.
Fedhas was aware of your devotion.
You were not hungry.

You visited 2 branches of the dungeon, and saw 12 of its levels.

You collected 635 gold pieces.

Inventory:

Missiles
 a - 355 arrows
Armour
 b - a +0 pair of boots (worn)
 o - a +0 cloak (worn)
 C - a +0 pair of gloves (worn)
Magical Staves
 D - an uncursed staff of energy
Jewellery
 g - a ring of protection from magic (left hand)
 n - an uncursed ring of positive energy
 p - an uncursed amulet of guardian spirit
 u - an uncursed ring of resist corrosion
 B - an uncursed ring of protection from magic
 H - a ring of see invisible (right hand)
 I - an uncursed ring of see invisible
Wands
 e - a wand of paralysis (12)
 q - a wand of digging (13)
 v - a wand of acid (8)
 G - a wand of random effects (16)
 K - a wand of iceblast (5)
Scrolls
 d - a scroll of enchant armour {unknown}
 f - 3 scrolls of remove curse
 i - 3 scrolls of random uselessness
 m - 2 scrolls of immolation {unknown}
 s - a scroll of enchant weapon
 t - a scroll of amnesia {unknown}
 y - 3 scrolls of magic mapping {unknown}
 J - a scroll of torment {unknown}
Potions
 h - 2 potions of degeneration
 k - a potion of curing {unknown}
 l - 2 potions of brilliance {unknown}
 w - a potion of magic {unknown}
 z - 2 potions of agility {unknown}
 A - a potion of invisibility {unknown}
 E - a potion of lignification
 F - a potion of might {unknown}
Comestibles
 c - 16 rations


   Skills:
 + Level 6.8 Fighting
 + Level 6.6 Dodging
 + Level 6.6 Unarmed Combat
 - Level 7.0 Spellcasting
 + Level 2.3 Summonings
 + Level 6.7 Transmutations
 + Level 6.6 Ice Magic
 + Level 2.4 Poison Magic


You had 4 spell levels left.
You knew the following spells:

 Your Spells              Type           Power        Failure   Level  Hunger
a - Beastly Appendage     Tmut           ###...       1%          1    None
b - Spider Form           Tmut/Pois      ###.......   6%          3    ##.....
c - Ice Form              Ice/Tmut       ###.....     9%          4    ####...
d - Blade Hands           Tmut           ###.......   24%         5    ######.
e - Sticks to Snakes      Tmut           ###.....     1%          2    #......
f - Summon Ice Beast      Ice/Summ       ###.....     22%         4    ####...

Your spell library contained the following spells:

 Spells                   Type           Power        Failure   Level  Hunger
 Summon Small Mammal      Summ           ##..         5%          1    None
 Call Imp                 Summ           ##......     9%          2    #......
 Magic Dart               Conj           #...         14%         1    None
 Call Canine Familiar     Summ           ##......     16%         3    ##.....
 Searing Ray              Conj           #.....       22%         2    #......
 Summon Guardian Golem    Hex/Summ       #.......     26%         3    ##.....
 Dazzling Spray           Conj/Hex       #.....       38%         3    ##.....
 Summon Lightning Spire   Summ/Air       #.......     65%         4    ####...
 Force Lance              Conj/Tloc      #.......     80%         4    ####...
 Fulminant Prism          Conj/Hex       #.........   80%         4    ####...
 Iskenderun's Mystic Bla  Conj           #.......     80%         4    ####...


Dungeon Overview and Level Annotations

Branches:
Dungeon (11/15)            Temple (1/1) D:5            Lair (0/6) D:8
    Orc (0/2) D:10

Altars:
Ashenzari
Cheibriados
Dithmenos
Elyvilon
Fedhas
Gozag
Hepliaklqana
Kikubaaqudgha
Makhleb
Nemelex Xobeh
Okawaru
Qazlal
Ru
Sif Muna
Trog
Uskayaw
Vehumet
Wu Jian
Xom
Yredelemnul
Zin
The Shining One

Shops:
D:4 [%:


Innate Abilities, Weirdness & Mutations

You can breathe bolts of dispelling energy.
Your rich purple scales are hard. (AC +7)
You cannot fit into any form of body armour.
You are cold-blooded and may be slowed by cold attacks.


Message History

* * * LOW HITPOINT WARNING * * *
There is an open door here.
Your transformation is almost over.
There is an open door here.
The white ugly thing closely misses you.
You see here 2 large rocks.
You see here a +0 club.
There is an open door here.
Okay, then.
Okay, then.
You warm up again.
Your +0 cloak unmelds from your body.
Your +0 pair of gloves unmelds from your body.
Your +0 pair of boots unmelds from your body.
The white ugly thing misses you. The white ugly thing bites you!
* * * LOW HITPOINT WARNING * * *
The white ugly thing freezes you!
You die...
Fedhas appreciates your contribution to the ecosystem.

#.......#.....8.[...####
#.......#...........###
##+#####..............#
#...##..8....>....8.+##
###'##................#
#....o#...........#)[#
#.....#.....8.....#.[#
#....u####.....####..'
#...[@.#####.##......#
#......'......#......#
#......######.'......#
#......# ###......#
#......# #......#
#####'## #####'## #.#
####.# #.# #..[<# ##.#
##'#####


You could see a white ugly thing and an orc warrior.

Vanquished Creatures
  Josephine (D:10)
  Pikel (D:5)
  Prince Ribbit (D:6)
  2 hippogriffs
  A vampire (D:10)
  A wraith (D:10)
  2 hungry ghosts (D:9)
  Grum (D:10)
  Edmund (D:5)
  Menkaure (D:6)
  5 orc warriors
  2 sky beasts
  A slave (D:5)
  A necrophage (D:9)
  2 ogres
  2 black bears
  2 ice beasts
  2 wolves (D:10)
  7 centaurs
  Blork the orc (D:5)
  2 bullfrogs
  A gnoll sergeant (D:8)
  A water moccasin zombie (D:8)
  2 scorpions
  A howler monkey (D:4)
  A crimson imp (D:7)
  A bullfrog zombie (D:9)
  4 orc priests
  3 hounds
  2 jellies
  Crazy Yiuf (D:4)
  A centaur skeleton (D:10)
  An iguana (D:5)
  2 bullfrog skeletons
  7 orc wizards
  6 worker ants
  A hound zombie (D:6)
  A hound skeleton (D:4)
  Robin (D:1)
  7 adders
  3 gnolls (D:8)
  An ooze (D:1)
  An adder zombie (D:9)
  3 worms
  3 dart slugs
  4 leopard geckos
  28 orcs
  6 giant cockroaches
  15 goblins
  11 hobgoblins
  3 jackals (D:1)
  4 quokkas
  2 bats (D:1)
  6 frilled lizards
  A kobold (D:1)
  A leopard gecko zombie (D:4)
  A quokka skeleton (D:4)
  10 rats
186 creatures vanquished.

Vanquished Creatures (collateral kills)
  A wraith (D:10)
1 creature vanquished.

Vanquished Creatures (others)
  A human (D:5)
  A crimson imp (D:5)
  Ijyb (D:5)
  A worker ant (D:5)
4 creatures vanquished.

Grand Total: 191 creatures vanquished

Notes
Turn   | Place    | Note
-------+----------+-------------------------------------------
     0 | D:1      | ben10mad the Draconian Transmuter began the quest for the
                  | Orb.
     0 | D:1      | Reached XP level 1. HP: 16/16 MP: 3/3
   156 | D:1      | Reached XP level 2. HP: 18/23 MP: 3/5
   860 | D:1      | Reached XP level 3. HP: 28/28 MP: 5/7
  1288 | D:2      | Noticed Robin
  1500 | D:1      | Killed Robin
  1500 | D:1      | Reached skill level 3 in Spellcasting
  1712 | D:2      | Learned a level 2 spell: Sticks to Snakes
  1716 | D:2      | Learned a level 3 spell: Spider Form
  2821 | D:3      | Reached XP level 4. HP: 30/35 MP: 1/8
  3372 | D:3      | Noticed a bullfrog
  3383 | D:3      | Killed a bullfrog
  3383 | D:3      | Reached XP level 5. HP: 13/40 MP: 6/10
  3908 | D:3      | Found a hide-covered altar of Uskayaw.
  4287 | D:4      | Reached skill level 4 in Spellcasting
  4362 | D:4      | Found Veptazan's Antique Armour Boutique.
  4391 | D:4      | Found a runed translucent door.
  4392 | D:4      | Noticed Crazy Yiuf
  4427 | D:4      | Killed Crazy Yiuf
  4864 | D:4      | Found Sausifur's Book Shoppe.
  4879 | D:4      | Reached XP level 6. HP: 32/47 MP: 8/12
  5022 | D:4      | Found Qimexoof's Food Shoppe.
  5160 | D:4      | Noticed an orc warrior
  5212 | D:4      | Killed an orc warrior
  5212 | D:4      | Reached skill level 5 in Transmutations
  5526 | D:4      | Learned a level 5 spell: Blade Hands
  5595 | D:4      | Reached skill level 5 in Spellcasting
  5814 | D:5      | Entered Level 5 of the Dungeon
  5827 | D:5      | Learned a level 4 spell: Ice Form
  5890 | D:5      | Found a shadowy altar of Dithmenos.
  5890 | D:5      | Found a glowing silver altar of Zin.
  5986 | D:5      | Found an ancient bone altar of Kikubaaqudgha.
  5987 | D:5      | Noticed a human
  5990 | D:5      | Killed a human
  6066 | D:5      | Noticed a slave
  6070 | D:5      | Noticed a slave
  6070 | D:5      | Noticed Pikel
  6071 | D:5      | Noticed a slave
  6072 | D:5      | Noticed a slave
  6080 | D:5      | Killed a slave
  6099 | D:5      | Found a staircase to the Ecumenical Temple.
  6099 | D:5      | Noticed Blork the orc
  6166 | D:5      | Killed Blork the orc
  6166 | D:5      | Your scales start taking on a rich purple colour.
  6166 | D:5      | Reached skill level 6 in Spellcasting
  6166 | D:5      | Reached XP level 7. HP: 7/53 MP: 6/16
  6549 | D:5      | Found a hide-covered altar of Uskayaw.
  7318 | D:5      | Killed Pikel
  7318 | D:5      | Reached XP level 8. HP: 60/66 MP: 4/17
  7339 | D:5      | Killed Ijyb
  7814 | D:6      | Noticed Prince Ribbit
  7821 | D:6      | Noticed Edmund
  7845 | D:5      | Killed Edmund
  7845 | D:5      | Reached skill level 5 in Unarmed Combat
  7980 | D:5      | Reached skill level 5 in Fighting
  7990 | D:6      | Killed Prince Ribbit
  7990 | D:6      | Reached skill level 5 in Dodging
  8278 | D:6      | Noticed Menkaure
  8446 | D:6      | Killed Menkaure
  8767 | D:6      | You fall into a shaft and drop 3 floors!
  8779 | D:8      | Reached XP level 9. HP: 74/74 MP: 13/18
  8996 | D:8      | Found an ornate altar of the Wu Jian Council.
  9027 | D:8      | Reached skill level 5 in Ice Magic
 10803 | D:8      | Found a staircase to the Lair.
 11030 | Temple   | Entered the Ecumenical Temple
 11216 | Temple   | Became a worshipper of Fedhas Madash
 11622 | D:9      | Reached skill level 7 in Spellcasting
 11959 | D:10     | Entered Level 10 of the Dungeon
 11979 | D:10     | Reached XP level 10. HP: 74/83 MP: 15/20
 11980 | D:10     | Found a staircase to the Orcish Mines.
 12485 | D:9      | Learned a level 4 spell: Summon Ice Beast
 13147 | D:10     | Reached * piety under Fedhas
 13147 | D:10     | Reached skill level 1 in Summonings
 13147 | D:10     | Reached skill level 1 in Poison Magic
 13487 | D:10     | Noticed Grum
 13523 | D:10     | Killed Grum
 13782 | D:10     | Noticed Josephine
 13791 | D:10     | Killed Josephine
 14186 | D:11     | Noticed a white ugly thing
 14189 | D:11     | Noticed a green ugly thing
 14242 | D:10     | HP: 4/84 [white ugly thing (9)]
 14242 | D:10     | Mangled by a white ugly thing

Levels and vault maps discovered:
D:1:      moated_graveyard_arrival, layout_basic
D:2:      layout_basic, first_ration, kennysheep_generic_room_13, uniq_robin
D:3:      layout_loops_ring, nicolae_overflow_hidden_temple,
          hangedman_abyss_or_decor_stabs
D:4:      layout_basic, serial_shops, shop, nicolae_shop_behind_doors, shop,
          uniq_crazy_yiuf_cottage
D:5:      layout_basic, gammafunk_temple_overflow_wave,
          minmay_temple_entry_antechambers, basic_altar, tgw_kikubaaqudgha,
          uniq_pikel, uniq_ijyb, uniq_blork_the_orc
D:6:      layout_cave_pools, uniq_edmund, uniq_prince_ribbit1, uniq_menkaure
D:7:      layout_loops_ring, serial_bayou_pond_d
D:8:      layout_loops_ring, nicolae_overflow_crystal_walls, dpeg_oklobed_lair
D:9:      layout_cave_pools
D:10:     layout_roguey, david_orc_2, uniq_josephine, uniq_grum
D:11:     layout_rooms
Temple:   dpeg_five_rooms_temple

Skill      XL: |  1  2  3  4  5  6  7  8  9 10 |
---------------+-------------------------------+-----
Transmutations | 3 4 5 6 |  6.7
Spellcasting   | 3 4 6 7 |  7.0
Dodging        | 2 3 5 6 |  6.6
Fighting       | 4 5 6 |  6.8
Unarmed Combat | 4 5 6 |  6.6
Ice Magic      | 3 6 |  6.6
Summonings     | 2 |  2.3
Poison Magic   | 2 |  2.4

Action                   |  1- 3 |  4- 6 |  7- 9 | 10-12 || total
-------------------------+-------+-------+-------+-------++-------
Melee: Unarmed           |   154 |   157 |   293 |    95 ||   699
       Tailslap          |    15 |     5 |     8 |       ||    28
       Headbutt          |    13 |     1 |    12 |       ||    26
       Kick              |     5 |     2 |       |       ||     7
       Punch             |       |     1 |       |       ||     1
 Cast: Beastly Appendage |    20 |     7 |     9 |       ||    36
       Spider Form       |     6 |    22 |    10 |       ||    38
       Sticks to Snakes  |     2 |     4 |     4 |       ||    10
       Ice Form          |       |       |    21 |    12 ||    33
       Summon Ice Beast  |       |       |       |     9 ||     9
 Abil: End Transformatio |       |     1 |     2 |       ||     3
  Use: Scroll            |     2 |     6 |     1 |     8 ||    17
       Potion            |     1 |     3 |     1 |     1 ||     6
  Eat: Chunk             |     6 |    14 |    17 |     4 ||    41
       Ration            |       |       |     6 |     2 ||     8
Armor: Skin              |    41 |    54 |    86 |    21 ||   202
Dodge: Dodged            |    97 |   119 |   220 |    93 ||   529
Block: Buckler           |    15 |       |       |       ||    15
